 Dungeon Crawl Stone Soup version 0.27-a0-951-gae3e1deef5 (webtiles) character file.

Game seed: 10550628290527149698

73 polve the Cutter (level 4, 0/35 HPs)
             Began as a Demonspawn Abyssal Knight on Apr 11, 2021.
             Was a Believer of Lugonu.
             Succumbed to an adder's poison
             ... on level 2 of the Dungeon.
             The game lasted 00:01:24 (2399 turns).

polve the Cutter (Demonspawn Abyssal Knight)        Turns: 2399, Time: 00:01:25

Health: 0/35       AC:  3    Str: 13    XL:     4   Next: 8%
Magic:  5/5        EV: 11    Int: 14    God:    Lugonu [**....]
Gold:   61         SH:  0    Dex: 12    Spells: 3/3 levels left

rFire    . . .     SeeInvis .   a - +1 short sword
rCold    . . .     Faith    .   (no shield)
rNeg     . . .     Spirit   .   b - +0 leather armour
rPois    .         Reflect  .   (no helmet)
rElec    .         Harm     .   (no cloak)
rCorr    .         Rampage  .   (no gloves)
Will     .....                  (no boots)
Stlth    +.........             (no amulet)
HPRegen  0.11/turn              (no ring)
MPRegen  0.18/turn              (no ring)

@: lethally poisoned (0 -> -2)
A: magic regeneration
a: Renounce Religion, Depart the Abyss, Bend Space


You were on level 2 of the Dungeon.
You worshipped Lugonu.
Lugonu was pleased with you.
You visited 1 branch of the dungeon, and saw 2 of its levels.
You visited the Abyss 1 time.

You collected 61 gold pieces.

Inventory:

Hand Weapons
 a - a +1 short sword (weapon)
Armour
 b - a +0 leather armour (worn)
 c - a +0 pair of gloves
 f - a +1 pair of gloves
Scrolls
 h - a scroll of torment {unknown}
 j - a scroll of teleportation {unknown}
 l - a scroll of identify {unknown}
Potions
 d - 2 potions of attraction {unknown}
 e - 2 potions of magic {unknown}
 g - a potion of brilliance {unknown}
 i - a potion of berserk rage {unknown}
 k - a potion of curing {unknown}


   Skills:
 - Level 3.0 Fighting
 + Level 4.0 Short Blades
 - Level 1.7 Armour
 - Level 0.8 Dodging
 - Level 2.4 Invocations


You had 3 spell levels left.
You didn't know any spells.
Your spell library contained the following spells:

 Spells                   Type           Power      Damage    Failure   Level
 Magic Dart               Conj           0%         1d3       36%         1
 Blink                    Tloc           N/A        N/A       50%         2
 Call Imp                 Summ           0%         N/A       50%         2
 Slow                     Hex            0%         N/A       50%         2
 Conjure Flame            Conj/Fire      0%         6-21      73%         3
 Mephitic Cloud           Conj/Pois/Air  0%         N/A       73%         3


Dungeon Overview and Level Annotations

Branches:
Dungeon (2/15)

Altars:


Innate Abilities, Weirdness & Mutations

You regenerate magic rapidly.


Message History

You are no longer poisoned.
The adder misses you. The adder closely misses you.
You miss the adder.
The adder is almost dead.
The adder bites you but does no damage.
You closely miss the adder.
The adder is almost dead.
The adder misses you. The adder closely misses you.
You hit the adder but do no damage.
The adder is almost dead.
The adder bites you but does no damage.
You closely miss the adder.
The adder is almost dead.
The adder bites you but does no damage.
You hit the adder.
The adder is almost dead.
The adder closely misses you.
You barely miss the adder.
The adder is almost dead.
The adder bites you.
You are poisoned.
The adder poisons you!
You completely miss the adder.
The adder is almost dead.
You feel sick. The adder closely misses you. The adder barely misses you.
You puncture the adder!
You kill the adder!
Lugonu accepts your kill.
You feel sick.
Your Short Blades skill increases to level 4!
You have reached level 4!
You feel clever.
You feel sick. The worm bites you!
* * * LOW HITPOINT WARNING * * *
You see here an adder corpse.
You barely miss the worm.
You feel sick. The worm bites you!
* * * LOW HITPOINT WARNING * * *
You hit the worm.
The worm is moderately wounded.
You die...

###.### #...## ###..#
##.## #..##
#########...
####...........
#######....##########
#..w@...####
......####### ###..
... #.. #. #


You could see a worm.

Vanquished Creatures
  2 adders (D:2)
  A dart slug (D:1)
  5 bats (D:1)
  4 endoplasms
  A goblin (D:1)
  6 hobgoblins
  6 jackals (D:1)
  2 quokkas
  2 ball pythons (D:1)
  4 frilled lizards
  2 kobolds (D:1)
  20 rats
55 creatures vanquished.

Notes
Turn   | Place    | Note
-------+----------+-------------------------------------------
     0 | Abyss:1  | polve the Demonspawn Abyssal Knight began the quest for the
                  | Orb.
     0 | Abyss:1  | Reached XP level 1. HP: 18/18 MP: 2/2
   134 | Abyss:1  | Noticed a thrashing horror
   135 | Abyss:1  | Noticed a thrashing horror
   163 | Abyss:1  | Noticed a worldbinder
   164 | Abyss:1  | Noticed a vampire mosquito
   168 | D:1      | Escaped the Abyss
   259 | D:1      | Reached skill level 2 in Short Blades
   329 | D:1      | Gained mutation: You regenerate magic rapidly. [demonic
                  | ancestry]
   329 | D:1      | Reached XP level 2. HP: 12/24 MP: 3/3
   729 | D:1      | Reached * piety under Lugonu
   795 | D:1      | Found a faded altar of an unknown god.
   976 | D:1      | Reached skill level 3 in Short Blades
  1039 | D:1      | Reached XP level 3. HP: 18/29 MP: 4/4
  2175 | D:2      | Reached ** piety under Lugonu
  2397 | D:2      | Reached skill level 4 in Short Blades
  2397 | D:2      | Reached XP level 4. HP: 16/35 MP: 5/5
  2398 | D:2      | HP: 1/35 [worm (7)]
  2399 | D:2      | Succumbed to an adder's poison

Illustrated notes

Levels and vault maps discovered:
D:1:      minmay_arrival_up_and_down, layout_basic,
          ebering_ecumenical_altar_petrified
D:2:      layout_rooms, nrook_uturn, minmay_rat_hole

Skill      XL: |  1  2  3 |
---------------+----------+-----
Short Blades   | 2 3 4 |  4.0
Fighting       | |  3.0
Armour         | |  1.7
Dodging        | |  0.8
Invocations    | |  2.4

Action                   |  1- 3 |  4- 6 || total
-------------------------+-------+-------++-------
Melee: Short sword       |   192 |     2 ||   194
Invok: Depart the Abyss  |     1 |       ||     1
 Stab: Sleeping          |     4 |       ||     4
Armor: Leather armour    |    47 |       ||    47
Dodge: Dodged            |    92 |       ||    92

Table legend: (Time is in decaauts)
 A = Elapsed time spent in this place.
 B = Non-inter-level travel time spent in this place.
 C = Inter-level travel time spent in this place.
 D = Time resting spent in this place.
 E = Time spent auto-exploring this place.
 F = Levels seen in this place.
 G = Mean time per level.
                   A        B        C        D        E       F      G
               +--------+--------+--------+--------+--------+-----+--------+
         Total |   2384 |   2356 |     28 |      0 |   1904 |   3 |  794.7 |
       Dungeon |   2216 |   2188 |     28 |      0 |   1767 |   2 | 1108.0 |
         Abyss |    168 |    168 |      0 |      0 |    137 |   1 |  168.0 |
               +--------+--------+--------+--------+--------+-----+--------+

Top non-repeatable levels by time:
     D:1: 1690 daAuts
     D:2: 526 daAuts
 Abyss:1: 168 daAuts
